 Dungeon Crawl Stone Soup version 0.30-a0-986-g7f2e898f52 (webtiles) character file.

Game seed: 1445714967754410103

2207 Armakuni the Basher (level 9, 0/94 HPs)
             Began as a Human Monk on Apr 1, 2023.
             Was a Believer of Elyvilon.
             Slain by a manticore (2 damage)
             ... on level 7 of the Dungeon.
             The game lasted 00:13:04 (6335 turns).

Armakuni the Basher (Human Monk)                    Turns: 6335, Time: 00:13:04

Health: 0/94       AC:  6    Str: 19    XL:     9   Next: 60%
Magic:  14/14      EV: 15    Int: 10    God:    Elyvilon [**....]
Gold:   237        SH:  0    Dex: 15    Spells: 8/8 levels left

rFire   . . .      SeeInvis .    a - +4 great mace of Puugun {freeze, *Corrode Str+2 Stlth+}
rCold   . . .      Faith    .    (shield currently unavailable)
rNeg    . . .      Spirit   .    w - +0 scale mail
rPois   .          Reflect  .    (no helmet)
rElec   .          Rampage  .    (no cloak)
rCorr   +                        (no gloves)
Will    .....                    (no boots) Stlth
                                 (no amulet)
HPRegen 0.35/turn                K - ring of resist corrosion
MPRegen 0.14/turn                E - +5 ring of evasion

@: berserking, spiked, very quick
A: no striking features
a: Renounce Religion, Purification, Heal Other


You were on level 7 of the Dungeon.
You worshipped Elyvilon.
Elyvilon was pleased with you.
You visited 2 branches of the dungeon, and saw 8 of its levels.

You collected 513 gold pieces.
You spent 276 gold pieces at shops.

Inventory:

Hand Weapons
 a - the +4 great mace of Puugun (weapon) {freeze, *Corrode Str+2 Stlth+}
   (You bought it in a shop on level 3 of the Dungeon)

   Str:       It affects your strength (+2).
   *Corrode:  It may corrode you when you take damage.
   Stlth:     It makes you more stealthy.
 b - a +0 whip of venom
Missiles
 o - a throwing net (quivered)
Armour
 w - a +0 scale mail (worn)
Jewellery
 s - a ring of protection from cold
 E - a +5 ring of evasion (right hand)
 I - a ring of see invisible
 J - a ring of protection from cold
 K - a ring of resist corrosion (left hand)
 L - a ring of flight
 W - a ring of wizardry
Wands
 l - a wand of light (10)
 v - a wand of flame (28)
Scrolls
 h - a scroll of summoning
 p - a scroll of poison
 r - 2 scrolls of noise
 x - a scroll of magic mapping
Potions
 c - a potion of ambrosia
 e - 3 potions of curing
 g - a potion of magic
 i - a potion of haste
 j - 3 potions of mutation
 k - a potion of might
 m - 3 potions of lignification
 n - a potion of invisibility {unknown}


   Skills:
 - Level 3.0 Fighting
 + Level 10.6 Maces & Flails
 - Level 3.0 Dodging
 - Level 2.0 Stealth
 + Level 7.1 Invocations


You had 8 spell levels left.
You didn't know any spells.
Your spell library contained the following spells:

 Spells                   Type           Power      Damage    Failure   Level
 Kiss of Death            Conj/Necr      0%         2d5       77%         1
 Magic Dart               Conj           0%         1d3       77%         1
 Sting                    Tmut/Pois      0%         1d3       77%         1
 Call Imp                 Summ           0%         N/A       88%         2
 Poisonous Vapours        Pois/Air       0%         N/A       88%         2
 Call Canine Familiar     Summ           0%         N/A       98%         3
 Confusing Touch          Hex            0%         N/A       98%         3
 Ignite Poison            Fire/Tmut/Pois 0%         N/A       98%         3
 Mephitic Cloud           Conj/Pois/Air  0%         N/A       98%         3
 Portal Projectile        Hex/Tloc       0%         N/A       98%         3
 Dispel Undead            Necr           0%         3d6       100%        4
 Leda's Liquefaction      Hex/Erth       0%         N/A       100%        4
 Olgreb's Toxic Radiance  Pois           0%         N/A       100%        4
 Sticky Flame             Conj/Fire      0%         2d3       100%        4
 Ignition                 Fire           0%         3d3       100%        8


Dungeon Overview and Level Annotations

Branches:
Dungeon (7/15)             Temple (1/1) D:4

Altars:
Ashenzari
Cheibriados
Dithmenos
Elyvilon
Fedhas
Gozag
Hepliaklqana
Kikubaaqudgha
Makhleb
Nemelex Xobeh
Okawaru
Qazlal
Ru
Trog
Vehumet
Wu Jian
Xom
Yredelemnul
Zin

Shops:
D:3 (


Message History

* * * LOW HITPOINT WARNING * * *
You are too injured to fight recklessly!
You are too injured to fight recklessly!
Okay, then.
Okay, then.
Unknown command.
You feel much better. The manticore misses you.
The manticore barely misses you. The manticore claws you!
You feel much better. The manticore barely misses you. The manticore claws you.
The manticore claws you!
You barely miss the manticore. The manticore bites you!
The manticore claws you!
* * * LOW HITPOINT WARNING * * *
The manticore claws you.
* * * LOW HITPOINT WARNING * * *
You thump the manticore! You freeze the manticore.
The manticore is moderately wounded.
The manticore bites you but does no damage.
The manticore claws you.
* * * LOW HITPOINT WARNING * * *
The manticore claws you.
* * * LOW HITPOINT WARNING * * *
Okay, then.
Unknown command.
Okay, then.
Unknown command.
You feel better. The manticore bites you!
* * * LOW HITPOINT WARNING * * *
The manticore claws you but does no damage.
The manticore barely misses you.
Okay, then.
Unknown command.
Unknown command.
A red film seems to cover your vision as you go berserk!
You feel yourself moving faster!
You feel mighty! The manticore bites you.
* * * LOW HITPOINT WARNING * * *
The manticore claws you. Elyvilon protects you from harm!
The manticore claws you.
You die...

###### ....#
...# #H.#
#@.# #..#
#..###
#..#.#
#..#.#
#.>#.#
#..#.#
#..#.#
#######....#


You could see a manticore.

Vanquished Creatures
  Eustachio (D:5)
  A water moccasin (D:6)
  An ice beast (D:6)
  2 black bears
  5 phantoms (D:6)
  2 scorpions
  A wyvern skeleton (D:6)
  3 wights (D:6)
  A bullfrog zombie (D:6)
  A centaur zombie (D:6)
  7 hounds
  4 jellies
  A gnoll bouda (D:6)
  4 orc priests
  4 iguanas
  2 sleepcaps (D:6)
  An orc wizard (D:5)
  A killer bee zombie (D:6)
  A howler monkey zombie (D:6)
  6 gnolls
  8 adders
  A shadow imp (D:5)
  2 white imps
  An ufetubus (D:4)
  3 worms
  13 orcs
  3 bats
  4 endoplasms (D:4)
  A giant cockroach (D:1)
  4 goblins
  3 hobgoblins
  8 jackals (D:2)
  9 kobolds
  3 quokkas
  3 ball pythons
  2 frilled lizards (D:2)
  5 rats
122 creatures vanquished.

Notes
Turn   | Place    | Note
-------+----------+-------------------------------------------
     0 | D:1      | Armakuni the Human Monk began the quest for the Orb.
     0 | D:1      | Reached XP level 1. HP: 18/18 MP: 1/1
   199 | D:1      | Found a faded altar of an unknown god.
   223 | D:1      | Reached XP level 2. HP: 24/24 MP: 2/2
  1109 | D:2      | Reached skill level 4 in Maces & Flails
  1109 | D:2      | Reached XP level 3. HP: 29/29 MP: 3/3
  1453 | D:2      | Reached XP level 4. HP: 26/35 MP: 4/4
  1799 | D:3      | Found Yramiyh's Antique Weapon Shop.
  2004 | D:2      | Reached skill level 5 in Maces & Flails
  2016 | D:3      | Reached XP level 5. HP: 41/41 MP: 5/5
  3077 | D:4      | Found a staircase to the Ecumenical Temple.
  3156 | D:4      | Reached skill level 6 in Maces & Flails
  3169 | D:4      | Reached XP level 6. HP: 38/47 MP: 6/6
  3592 | D:4      | Noticed a black bear
  3600 | D:4      | Killed a black bear
  3882 | D:4      | Reached skill level 7 in Maces & Flails
  4038 | D:4      | Reached XP level 7. HP: 52/52 MP: 7/7
  4138 | D:3      | Bought a dazzling great mace for 276 gold pieces
  4138 | D:3      | Identified the +4 great mace of Puugun {freeze, *Corrode
                  | Str+2 Stlth+} (You bought it in a shop on level 3 of the
                  | Dungeon)
  4275 | D:5      | Entered Level 5 of the Dungeon
  4395 | Temple   | Entered the Ecumenical Temple
  4456 | Temple   | Became a worshipper of Elyvilon the Healer
  4456 | Temple   | Reached * piety under Elyvilon
  4456 | Temple   | Reached ** piety under Elyvilon
  4666 | D:5      | Reached skill level 8 in Maces & Flails
  4842 | D:5      | Reached skill level 1 in Invocations
  5134 | D:5      | Reached XP level 8. HP: 54/58 MP: 9/9
  5199 | D:5      | Noticed Eustachio
  5209 | D:5      | Killed Eustachio
  5254 | D:5      | Reached skill level 9 in Maces & Flails
  5543 | D:6      | Reached skill level 5 in Invocations
  5731 | D:6      | Reached XP level 9. HP: 48/63 MP: 12/12
  5932 | D:6      | Reached skill level 10 in Maces & Flails
  6324 | D:7      | Noticed a manticore
  6333 | D:7      | HP: 3/63 [manticore (3)]
  6335 | D:7      | Elyvilon protects you from harm!
  6335 | D:7      | Slain by a manticore

Illustrated notes

Levels and vault maps discovered:
D:1:      mrwooster_arrival_statue_3, layout_basic,
          ebering_ecumenical_altar_ruins
D:2:      layout_basic, nicolae_half_adder
D:3:      layout_basic, serial_shops, nicolae_shop_stone, minmay_hedge_maze
D:4:      layout_loops_corners, minmay_temple_entry_crystal_x,
          hangedman_minor_gate_pass
D:5:      layout_basic, grunt_decor_resistance, uniq_eustachio
D:6:      minmay_spotlight, layout_rooms, serial_undead, serial_undead_b,
          serial_undead_e, serial_undead_c, serial_undead_d
D:7:      layout_basic
Temple:   nicolae_temple_bog_church

Skill      XL: |  1  2  3  4  5  6  7  8  9 |
---------------+----------------------------+-----
Maces & Flails | 4 5 6 7 8 9 10 | 10.6
Invocations    | 1 5 7 |  7.1
Fighting       | |  3.0
Dodging        | |  3.0
Stealth        | |  2.0

Action                     |  1- 3 |  4- 6 |  7- 9 || total
---------------------------+-------+-------+-------++-------
  Melee: Mace              |   117 |   173 |       ||   290
         Great mace        |       |       |   159 ||   159
 Invoke: Purification      |       |       |     1 ||     1
  Evoke: Wand              |       |     9 |       ||     9
    Use: Scroll            |       |     7 |     7 ||    14
         Potion            |       |     1 |     4 ||     5
   Stab: Sleeping          |       |       |     3 ||     3
 Armour: Ring mail         |    41 |    18 |       ||    59
         Scale mail        |       |    25 |    41 ||    66
  Dodge: Dodged            |    83 |   112 |   160 ||   355

Table legend: (Time is in decaauts)
 A = Elapsed time spent in this place.
 B = Non-inter-level travel time spent in this place.
 C = Inter-level travel time spent in this place.
 D = Time resting spent in this place.
 E = Time spent auto-exploring this place.
 F = Levels seen in this place.
 G = Mean time per level.
                   A        B        C        D        E       F      G
               +--------+--------+--------+--------+--------+-----+--------+
         Total |   6439 |   6020 |    419 |    234 |   4527 |   8 |  804.9 |
       Dungeon |   6244 |   5848 |    396 |    234 |   4376 |   7 |  892.0 |
        Temple |    194 |    171 |     23 |      0 |    151 |   1 |  194.0 |
               +--------+--------+--------+--------+--------+-----+--------+

Top non-repeatable levels by time:
     D:4: 1312 daAuts
     D:3: 1232 daAuts
     D:1: 960 daAuts
     D:2: 959 daAuts
     D:6: 904 daAuts
     D:5: 774 daAuts
  Temple: 194 daAuts
     D:7: 100 daAuts
